 Dungeon Crawl Stone Soup version 0.31-a0-187-gba352fbbf7 (webtiles) character file.

Game seed: 10473498147943431035

872 qw the Skirmisher (level 7, -8/40 HPs)
             Began as a Deep Elf Hunter on June 22, 2023.
             Killed by divine providence
             ... invoked by an orc priest
              (10 damage)
             ... on level 6 of the Dungeon.
             The game lasted 00:01:42 (3831 turns).

qw the Skirmisher (Deep Elf Hunter)                 Turns: 3831, Time: 00:01:43

Health: -8/40      AC:  6    Str: 10    XL:     7   Next: 74%
Magic:  9/9        EV: 11    Int: 14    God:
Gold:   309        SH:  0    Dex: 18    Spells: 6/6 levels left

rFire   . . .        Y - +0 arbalest
rCold   . . .        (shield currently unavailable)
rNeg    . . .        b - +0 ring mail
rPois   .            (no helmet)
rElec   .            h - +0 cloak
rCorr   .            (no gloves)
SInv    .            (no boots)
Will    +....        (no amulet)
Stlth   +            f - ring of willpower
HPRegen 0.26/turn    (no ring)
MPRegen 0.11/turn

%: no passive effects
@: no status effects
A: no striking features
a: no special abilities


You were on level 6 of the Dungeon.
You visited 2 branches of the dungeon, and saw 7 of its levels.

You collected 309 gold pieces.


   Skills:
 - Level 2.1 Fighting
 + Level 11.7 Ranged Weapons
 - Level 1.8 Armour
 - Level 3.0 Dodging
 - Level 1.2 Stealth


You had 6 spell levels left.
You didn't know any spells.
Your spell library was empty.

Inventory:

Hand Weapons
 Y - a +0 arbalest (weapon)
Armour
 b - a +0 ring mail (worn)
 h - a +0 cloak (worn)
Jewellery
 f - a ring of willpower (left hand)
Scrolls
 g - a scroll of identify
Potions
 d - 2 potions of curing
 i - a potion of might
 j - a potion of mutation
 k - a potion of enlightenment

Dungeon Overview and Level Annotations

Branches:
Dungeon (6/15)             Temple (1/1) D:6

Altars:
Ashenzari
Cheibriados
Elyvilon
Fedhas
Kikubaaqudgha
Nemelex Xobeh
Qazlal
Sif Muna
Trog
Uskayaw
Vehumet
Xom
Yredelemnul
Zin

Shops:
D:1 *


Message History

The shadow imp barely misses you.
An orc priest comes into view. It is wielding a +0 dagger.
You shoot a bolt. The bolt barely misses the shadow imp.
The shadow imp barely misses you.
You shoot a bolt. The bolt hits the shadow imp!
You kill the shadow imp!
The orc priest looks encouraged for a moment.
The hound bites you.
You shoot a bolt. The bolt hits the hound.
The hound is lightly wounded.
The hound barely misses you. The hound bites you but does no damage.
You shoot a bolt.
The bolt hits the hound but does no damage.
The hound is lightly wounded.
The hound bites you. x2
You shoot a bolt.
The bolt hits the hound but does no damage.
The hound is lightly wounded.
The hound closely misses you. The hound barely misses you.
The orc priest invokes the aid of Beogh against you.
Beogh smites you! The hound barely misses you.
You shoot a bolt. The bolt closely misses the hound.
The hound barely misses you. The hound misses you.
You shoot a bolt. The bolt hits the hound.
The hound is moderately wounded.
The hound closely misses you. The hound bites you but does no damage.
You shoot a bolt. The bolt closely misses the hound.
The hound bites you. x2
You shoot a bolt. The bolt barely misses the hound.
The hound misses you. The hound closely misses you.
You shoot a bolt. The bolt hits the hound.
The hound is heavily wounded.
The hound bites you but does no damage. The hound bites you.
The orc priest calls down the wrath of Beogh upon you.
Beogh smites you! The hound completely misses you.
You shoot a bolt. The bolt hits the hound!
You kill the hound!
The orc priest invokes the aid of Beogh against you.
Beogh smites you!
You die...

#.# #.# #.# #.# #.#
#.# #.# ### o. ...
.# ####
..##########%# ...#
...........@o# ##.#
#.#######.#### # #.#
#.# #....# .
#.###.#### ###..#.#
#.##.....#####.#.#.#
#.###.#...##..###..
#..........!.#.#.###
#######...##.......#
##.###:..###....


You could see 2 orc priests.

Vanquished Creatures
  A water moccasin (D:5)
  An ice beast (D:6)
  A phantom (D:5)
  A bullfrog (D:6)
  A howler monkey (D:5)
  5 hounds
  A jelly (D:5)
  An orc priest (D:4)
  A sleepcap (D:5)
  An iguana (D:5)
  2 orc wizards
  Natasha (D:2)
  4 gnolls (D:3)
  3 adders
  A shadow imp (D:6)
  A white imp (D:6)
  An ufetubus (D:5)
  2 worms
  4 dart slugs
  6 orcs
  4 endoplasms
  6 giant cockroaches
  6 goblins
  8 hobgoblins
  7 quokkas
  5 ball pythons
  3 bats
  4 frilled lizards
  11 kobolds
  16 rats
109 creatures vanquished.

Vanquished Creatures (others)
  A wizard (D:5)
1 creature vanquished.

Grand Total: 110 creatures vanquished

Notes
Turn   | Place    | Note
-------+----------+-------------------------------------------
     0 | D:1      | qw the Deep Elf Hunter began the quest for the Orb.
     0 | D:1      | Reached XP level 1. HP: 12/12 MP: 3/3
     0 | D:1      | 0 ||| qw: Version: 0.3-a-9-g12657ce
     0 | D:1      | 0 ||| qw: Game counter: 2525
     0 | D:1      | 0 ||| qw: Always use a shield: true
     0 | D:1      | 0 ||| qw: God list: Okawaru
     0 | D:1      | 0 ||| qw: Allow faded altars: false
     0 | D:1      | 0 ||| qw: Do Orc after D:15 true
     0 | D:1      | 0 ||| qw: Do second Lair branch before Depths: true
     0 | D:1      | 0 ||| qw: Lair rune preference: random
     0 | D:1      | 0 ||| qw: Plans: Normal
     0 | D:1      | 0 ||| PLANNING D:1-11
   124 | D:1      | Reached XP level 2. HP: 16/16 MP: 4/4
   131 | D:1      | Found Nulaox's General Store.
   133 | D:1      | Reached skill level 6 in Ranged Weapons
   139 | D:1      | 139 ||| SHOPLISTING 2 potions of cancellation (192 gold,
                  | have 14).
   139 | D:1      | 139 ||| SHOPLISTING potion of might (48 gold, have 14).
   139 | D:1      | 139 ||| SHOPLISTING scroll of identify (24 gold, have 14).
   627 | D:1      | 627 ||| UPGRADING to ring of willpower.
   628 | D:1      | 628 ||| READING scroll labelled COHURU RUABISI.
   629 | D:1      | 629 ||| READING 2 scrolls labelled LOYDOFFILA.
   630 | D:1      | 630 ||| READING 2 scrolls labelled DYNISOKEUWN.
   631 | D:1      | 631 ||| DRINKING 2 bubbling orange potions.
   632 | D:1      | 632 ||| DROPPING scroll of butterflies.
   633 | D:1      | 633 ||| DROPPING scroll of amnesia.
   649 | D:2      | 649 ||| STAIRDANCE
   703 | D:2      | Reached XP level 3. HP: 20/20 MP: 5/5
   792 | D:2      | Reached skill level 7 in Ranged Weapons
   852 | D:2      | 852 ||| SWAPPING to +0 arbalest.
   854 | D:2      | 854 ||| DROPPING +0 shortbow.
   924 | D:2      | Noticed Natasha
   929 | D:2      | Killed Natasha
   930 | D:2      | Reached XP level 4. HP: 19/25 MP: 6/6
  1203 | D:2      | 1203 ||| UPGRADING to +0 ring mail.
  1213 | D:2      | 1213 ||| DROPPING +0 leather armour.
  1214 | D:2      | 1214 ||| UPGRADING to +0 cloak.
  1219 | D:2      | 1219 ||| READING 3 scrolls of identify.
  1219 | D:2      | 1219 ||| IDENTIFYING coppery potion
  1220 | D:2      | 1220 ||| READING 2 scrolls of identify.
  1220 | D:2      | 1220 ||| IDENTIFYING red potion
  1387 | D:3      | Reached skill level 8 in Ranged Weapons
  1869 | D:3      | Reached XP level 5. HP: 21/29 MP: 7/7
  1997 | D:3      | Found a faded altar of an unknown god.
  2205 | D:3      | 2205 ||| DROPPING +3 leather armour.
  2206 | D:3      | 2206 ||| DROPPING ring of magical power.
  2207 | D:3      | 2207 ||| READING scroll labelled MOENUH DIMOUZO.
  2208 | D:3      | 2208 ||| READING scroll labelled COUDES ETOCKEG.
  2209 | D:3      | 2209 ||| READING scroll labelled ESUNUM TAIF.
  2210 | D:3      | 2210 ||| READING 2 scrolls of identify.
  2210 | D:3      | 2210 ||| IDENTIFYING clear potion
  2211 | D:3      | 2211 ||| DROPPING potion of ambrosia.
  2267 | D:4      | Found a snail-covered altar of Cheibriados.
  2292 | D:4      | Reached skill level 9 in Ranged Weapons
  2312 | D:4      | Found a white marble altar of Elyvilon.
  2354 | D:4      | 2354 ||| FLEEEEING.
  2483 | D:4      | Reached XP level 6. HP: 35/35 MP: 8/8
  2739 | D:4      | 2739 ||| DROPPING ring of wizardry.
  2740 | D:4      | 2740 ||| READING scroll labelled FYMPUY GOPS.
  2742 | D:4      | 2742 ||| Stepping ~*~*~tactically~*~*~ (cloud).
  2751 | D:4      | HP: 8/35 [poisoned by you (poison gas)]
  2934 | D:5      | Entered Level 5 of the Dungeon
  2939 | D:5      | 2939 ||| STAIRDANCE
  3049 | D:5      | Reached skill level 10 in Ranged Weapons
  3109 | D:5      | Reached skill level 3 in Dodging
  3178 | D:5      | Noticed a water moccasin
  3183 | D:5      | Killed a water moccasin
  3184 | D:5      | Reached skill level 1 in Armour
  3184 | D:5      | Reached XP level 7. HP: 30/40 MP: 9/9
  3297 | D:5      | Found a bloodstained altar of Trog.
  3299 | D:5      | Noticed a wizard
  3304 | D:5      | Killed a wizard
  3340 | D:5      | HP: 7/40 [iguana (8)]
  3341 | D:5      | 3341 ||| DRINKING potion of heal wounds.
  3631 | D:5      | 3631 ||| READING scroll labelled ZIJANE ZUR XOL.
  3632 | D:5      | 3632 ||| DRINKING 2 silvery potions.
  3658 | D:6      | Reached skill level 11 in Ranged Weapons
  3769 | D:6      | Found a staircase to the Ecumenical Temple.
  3770 | D:6      | 3770 ||| PLANNING TEMPLE
  3770 | D:6      | 3770 ||| READING 3 scrolls of identify.
  3770 | D:6      | 3770 ||| IDENTIFYING fizzy clear potion
  3771 | D:6      | 3771 ||| READING 2 scrolls of identify.
  3771 | D:6      | 3771 ||| IDENTIFYING fuming amethyst potion
  3772 | D:6      | 3772 ||| DROPPING potion of attraction.
  3778 | Temple   | Entered the Ecumenical Temple
  3789 | Temple   | 3789 ||| PLANNING D:1-11
  3830 | D:6      | HP: 2/40 [orc priest/divine providence (13)]
  3831 | D:6      | Killed from afar by an orc priest

Levels and vault maps discovered:
D:1:      wander_arrival_fairy_ring, layout_basic, serial_shops,
          nicolae_square_shop
D:2:      layout_rooms, minmay_surrounded, uniq_natasha
D:3:      layout_basic, shapermc_ecumenical_altar_mp_vishouse, hex_medium,
          lexackson_kobold_supper
D:4:      layout_rooms, mainiacjoe_overflow_small_starburst,
          mainiacjoe_overflow_brackets
D:5:      layout_cave_pools, trog_wizard
D:6:      layout_loops_ring, mainiacjoe_overflow_surrounded_room,
          minmay_temple_entry_offerings, uniq_blork_the_orc
Temple:   minmay_freezing_vapour_temple

Skill      XL: |  1  2  3  4  5  6  7 |
---------------+----------------------+-----
Ranged Weapons | 6 7 8 9 10 11 | 11.7
Fighting       | 2 |  2.1
Dodging        | 3 |  3.0
Armour         | 1 |  1.8
Stealth        | |  1.2

Action                     |  1- 3 |  4- 6 |  7- 9 || total
---------------------------+-------+-------+-------++-------
   Fire: Shortbow          |    81 |       |       ||    81
         Arbalest          |     6 |   136 |    50 ||   192
    Use: Scroll            |     3 |     7 |     3 ||    13
         Potion            |     1 |       |     2 ||     3
 Armour: Leather armour    |     9 |       |       ||     9
         Ring mail         |       |    16 |    10 ||    26
  Dodge: Dodged            |    18 |    30 |    27 ||    75

Table legend:
 A = Non-vault XP
 B = Vault XP
 C = Vault XP percentage of total XP
 D = Non-vault monster count
 E = Vault monster count
 F = Vault count percentage of total count
                 A         B        C        D         E       F
            +---------+---------+-------+---------+---------+-------
      Total |    1223 |      66 |   5.1 |      95 |      14 |  12.8
            +---------+---------+-------+---------+---------+-------
        D:1 |      38 |       0 |   0.0 |      23 |       0 |   0.0
        D:2 |      40 |      57 |  58.8 |      16 |       6 |  27.3
        D:3 |      86 |       9 |   9.5 |      23 |       8 |  25.8
        D:4 |     194 |       0 |   0.0 |      15 |       0 |   0.0
        D:5 |     568 |       0 |   0.0 |      13 |       0 |   0.0
        D:6 |     297 |       0 |   0.0 |       5 |       0 |   0.0
            +---------+---------+-------+---------+---------+-------
